 Dungeon Crawl Stone Soup version 0.21.1-1-g345015fe64 (webtiles) character file.

45077 Gargoyl the Cleaver (level 13, -4/111 HPs)
             Began as a Centaur Abyssal Knight on June 11, 2018.
             Was a High Priest of Lugonu.
             Slain by strelocc's ghost (18 damage)
             ... on level 6 of the Lair of Beasts on June 12, 2018.
             The game lasted 00:39:28 (24534 turns).

Gargoyl the Cleaver (Centaur Abyssal Knight)       Turns: 24534, Time: 00:39:28

Health: -4/111     AC: 34    Str: 21    XL:     13   Next: 99%
Magic:  17/21      EV:  2    Int:  9    God:    Lugonu [*****.]
Gold:   1205       SH: 10    Dex: 12    Spells: 12/12 levels left

rFire    . . .     SeeInvis +   B - +5 broad axe (freeze)
rCold    . . .     Gourm    .   k - +0 shield
rNeg     . . .     Faith    .   e - +9 plate armour {ponderous}
rPois    +         Spirit   .   (helmet restricted)
rElec    +         Reflect  .   r - +0 cloak
rCorr    .         Harm     .   j - +1 pair of gloves
MR       +....                  b - +3 centaur barding
Stlth    ..........             (no amulet)
HPRegen  0.28/turn              h - ring of poison resistance
MPRegen  0.17/turn              w - ring of Qydo {rElec Str+4 SInv Stlth+}

@: quick
A: large, antennae 1, beak, hooves 3, deformed body, dopey 1, speed 2, magic
resistance 1, tough skin 3
a: Depart the Abyss, Bend Space, Banish, Corrupt, Enter the Abyss, Renounce
Religion


You were on level 6 of the Lair of Beasts.
You worshipped Lugonu.
Lugonu was extremely pleased with you.
You were very hungry.

You visited 2 branches of the dungeon, and saw 17 of its levels.
You visited the Abyss 1 time.

You collected 1205 gold pieces.

Inventory:

Hand Weapons
 a - a +3 hand axe
 g - a +0 broad axe
 B - a +5 broad axe of freezing (weapon)
Missiles
 y - 4 javelins (quivered)
Armour
 b - a +3 centaur barding (worn)
 e - a +9 plate armour of ponderousness (worn)
 j - a +1 pair of gloves (worn)
 k - a +0 shield (worn)
 l - a +0 helmet
 r - a +0 cloak (worn)
Jewellery
 h - a ring of poison resistance (left hand)
 w - the ring of Qydo (right hand) {rElec Str+4 SInv Stlth+}
   (You found it on level 5 of the Dungeon)

   [ring of see invisible]

   It affects your strength (+4).
   It insulates you from electricity.
   It lets you see invisible.
   It makes you more stealthy.
 D - an uncursed ring of protection from magic
 E - a +3 ring of slaying
Wands
 q - a wand of flame (26)
 u - a wand of disintegration (5)
 I - a wand of enslavement (14)
Scrolls
 d - 3 scrolls of identify
 m - a scroll of blinking
 n - 2 scrolls of magic mapping
 o - 5 scrolls of teleportation
 p - a scroll of amnesia
 v - 4 scrolls of remove curse
 H - 2 scrolls of fog
Potions
 f - 2 potions of curing
 s - 2 potions of flight
 t - a potion of resistance
 x - a potion of haste
 A - a potion of berserk rage
 C - 2 potions of lignification
 G - 3 potions of heal wounds
 J - a potion of brilliance
Books
 i - a book of Misfortune

   Spells                             Type                      Level
   a - Confusing Touch                Hexes                        1
   b - Confuse                        Hexes                        3
   c - Gell's Gravitas                Translocation                3
   d - Petrify                        Transmutation/Earth          4
   e - Metabolic Englaciation         Hexes/Ice                    5
   f - Yara's Violent Unravelling     Hexes/Transmutation          5
 K - the Guide on the Displaced Volcanoes
   (You found it on level 5 of the Lair of Beasts)

   Spells                             Type                      Level
   a - Apportation                    Translocation                1
   b - Ignite Poison                  Fire/Transmutation/Poison    3
   c - Lesser Beckoning               Translocation                3
   d - Dispersal                      Translocation                6
   e - Ring of Flames                 Charms/Fire                  7
Miscellaneous
 z - a box of beasts
Comestibles
 c - 8 rations


   Skills:
 + Level 9.1 Fighting
   Level 0.9 Long Blades
 + Level 12.4 Axes
 + Level 0.9 Throwing
 * Level 10.1 Armour
 + Level 1.8 Dodging
 + Level 6.7 Shields
 * Level 11.2 Invocations
 + Level 0.1 Evocations


You had 12 spell levels left.
You didn't know any spells.

Dungeon Overview and Level Annotations

Branches:
Dungeon (11/15)            Temple (0/1) D:7            Lair (6/6) D:11
  Swamp (0/4) Lair:2       Spider (0/4) Lair:3          Orc (0/2) D:11
  Slime: Lair:5-6

Altars:
Cheibriados
Dithmenos
Hepliaklqana
Makhleb
Okawaru
Qazlal
Ru
Uskayaw
Vehumet
Wu Jian
Xom
Yredelemnul
Zin
The Shining One
Beogh

Shops:
D:4 (

Annotations:
Lair:6 strelocc's ghost, journeyman CeBe


Innate Abilities, Weirdness & Mutations

You have hooves in place of feet.
Armour fits poorly on your strangely shaped body.
You cover ground very quickly.
You have extremely tough skin. (AC +3)
You have a pair of small antennae on your head.
You have a beak for a mouth.
You are dopey. (Int -2)
You are resistant to hostile enchantments. (MR+)


Message History

Strelocc's ghost is heavily damaged.
Strelocc's ghost hits you!
* * * LOW HITPOINT WARNING * * *
x2 You hit strelocc's ghost but do no damage.
You kick strelocc's ghost, but do no damage.
Your peck misses strelocc's ghost.
Strelocc's ghost is heavily damaged.
You block strelocc's ghost's attack.
You slash strelocc's ghost!
You kick strelocc's ghost, but do no damage.
You peck strelocc's ghost, but do no damage.
Strelocc's ghost is severely damaged.
Strelocc's ghost hits you but does no damage.
Press: ? - help, Shift-Dir - straight line, f/p - strelocc's ghost
Aim: strelocc's ghost, wielding a vorpal weapon (severely damaged, chance to defeat MR: 25%) Strelocc's ghost resists with almost no effort.
You are feeling very hungry.
Lugonu is no longer ready to corrupt your weapon.
Strelocc's ghost hits you!!
You die...

#P...........## ...
###............# #..
...............# #..#
...............# #...##
...............## #...##
.......(...÷..÷.# #...#
................## ##...
...#.....W.........###....
.#...##...@...........†.8..
.....#.....................
#/..#...................8.
.........................
......#................8...
..#.#......#...$.................
..........#.#....................
...........#.....................
....P....P.......................


You could see strelocc's ghost.

Vanquished Creatures
  Gastronok (D:8)
  Harold (Lair:1)
  4 two-headed ogres
  4 death yaks
  Nergalle (Lair:3)
  The ghost of Jannitor the Sneak, a novice DsEn of Uskayaw (D:10)
  A deep elf mage (D:9)
  An ugly thing (D:11)
  23 elephants
  A manticore (Lair:6)
  2 centaur zombies (D:11)
  Joseph (Lair:1)
  A torpor snail (Lair:5)
  7 black mambas
  7 spiny frogs
  2 rime drakes
  5 komodo dragons
  A troll (D:9)
  2 ice devils (Lair:1)
  5 polar bears
  9 blink frogs
  7 hippogriffs
  Grinder (D:2)
  4 dream sheep (Lair:4)
  Eustachio (D:5)
  A wyvern (D:10)
  14 yaks
  A hungry ghost (D:11)
  2 basilisks
  5 swamp worms (Lair:2)
  8 water moccasins
  2 soldier ants (D:8)
  3 porcupines
  10 orc warriors
  2 black bears
  A phantom (D:9)
  5 ice beasts
  4 ogres
  A sky beast (D:11)
  5 centaurs
  11 crocodiles
  4 big kobolds
  A gnoll sergeant (D:9)
  11 bullfrogs
  6 scorpions
  23 killer bees
  4 wights (D:11)
  A howler monkey (D:4)
  An electric eel (Lair:2)
  7 crimson imps
  A quasit (D:4)
  5 jellies
  A bullfrog zombie (D:5)
  6 hounds
  8 orc priests
  Jessica (D:2)
  4 centaur skeletons
  Natasha (thrice) (D:2)
  7 iguanas
  7 orc wizards
  7 worker ants
  7 hell rats (Lair:6)
  A killer bee zombie (D:10)
  4 hound skeletons
  A worker ant zombie (D:9)
  A howler monkey skeleton (D:6)
  13 gnolls
  22 adders
  2 shadow imps
  5 oozes
  An adder zombie (D:9)
  4 adder skeletons
  2 worms
  7 dart slugs
  A leopard gecko (D:8)
  52 orcs
  9 bats
  4 giant cockroaches
  6 goblins
  5 hobgoblins
  3 jackals (D:2)
  23 kobolds
  2 quokkas
  2 ball pythons
  A ball python skeleton (D:6)
  3 frilled lizards
  4 rats
  12 fungi
  5 plants (D:11)
478 creatures vanquished.

Vanquished Creatures (others)
  3 hydras
  An orc knight (D:10)
  A troll (D:10)
  A hornet (D:8)
  A wraith (D:10)
  A yak (Lair:6)
  A bush (Lair:6)
  19 fungi
  12 plants
40 creatures vanquished.

Grand Total: 518 creatures vanquished

Notes
Turn   | Place    | Note
-------+----------+-------------------------------------------
     0 | Abyss:1  | Gargoyl the Centaur Abyssal Knight began the quest for the Orb.
     0 | Abyss:1  | Reached XP level 1. HP: 19/19 MP: 2/2
    51 | Abyss:1  | Noticed an apocalypse crab
    75 | Abyss:2  | Found a corrupted altar of Lugonu.
   185 | Abyss:2  | Noticed a chaos spawn
   201 | Abyss:2  | Found a basalt altar of Yredelemnul.
   220 | Abyss:2  | Noticed a rakshasa
   223 | D:1      | Escaped the Abyss
   536 | D:1      | Found a snail-covered altar of Cheibriados.
   690 | D:1      | Reached * piety under Lugonu
   690 | D:1      | Reached XP level 2. HP: 26/26 MP: 3/3
   903 | D:1      | Reached skill level 2 in Axes
  1045 | D:1      | Reached XP level 3. HP: 33/33 MP: 4/4
  1385 | D:2      | Reached XP level 4. HP: 40/40 MP: 6/6
  1484 | D:2      | Found a hide-covered altar of Uskayaw.
  1485 | D:2      | Found a shadowy altar of Dithmenos.
  1486 | D:2      | Found a stormy altar of Qazlal.
  1643 | D:2      | Noticed Jessica
  1651 | D:2      | Reached ** piety under Lugonu
  1653 | D:2      | Found a hazy altar of Hepliaklqana.
  1662 | D:2      | Killed Jessica
  1734 | D:2      | Noticed Natasha
  1744 | D:2      | Killed Natasha
  1744 | D:2      | Reached XP level 5. HP: 40/46 MP: 7/7
  1779 | D:2      | Noticed Natasha
  1788 | D:2      | Killed Natasha
  1788 | D:2      | Reached skill level 3 in Axes
  2002 | D:2      | Noticed Natasha
  2011 | D:2      | Killed Natasha
  2265 | D:3      | Gained mutation: You are resistant to hostile enchantments. (MR+) [potion of mutation]
  2265 | D:3      | Gained mutation: You are dopey. (Int -2) [potion of mutation]
  2265 | D:3      | Gained mutation: You have a beak for a mouth. [potion of mutation]
  2366 | D:3      | Noticed Grinder
  2600 | D:3      | Paralysed by Grinder for 7 turns
  2630 | D:2      | Killed Grinder
  2630 | D:2      | Reached XP level 6. HP: 44/52 MP: 8/8
  2967 | D:4      | Reached skill level 4 in Axes
  3264 | D:4      | Reached XP level 7. HP: 35/59 MP: 9/9
  3670 | D:4      | Found Faxketen's Weapon Shop.
  4008 | D:5      | Entered Level 5 of the Dungeon
  4038 | D:5      | Reached *** piety under Lugonu
  4038 | D:5      | Reached skill level 1 in Shields
  4622 | D:5      | Reached XP level 8. HP: 63/67 MP: 11/11
  4627 | D:5      | Noticed Eustachio
  4671 | D:5      | Killed Eustachio
  4875 | D:5      | Reached skill level 5 in Axes
  5057 | D:5      | Got a bloodstained long sword
  5118 | D:5      | Identified the +4 long sword "Lehidon" {slice, *Contam rF++ Dex+5} (You found it on level 5 of the Dungeon)
  5175 | D:5      | Found a glowing silver altar of Zin.
  5175 | D:5      | Noticed an angel
  5439 | D:5      | Got a transparent golden ring
  5654 | D:6      | Reached skill level 5 in Armour
  5799 | D:6      | Found a glowing golden altar of the Shining One.
  5799 | D:6      | Found a burning altar of Makhleb.
  5922 | D:6      | HP: 2/67 [killer bee (4)]
  5925 | D:6      | Reached skill level 5 in Invocations
  5932 | D:6      | Gained mutation: You have a pair of small antennae on your head. [mutagenic glow]
  6270 | D:6      | Identified the ring of Qydo {rElec Str+4 SInv Stlth+} (You found it on level 5 of the Dungeon)
  6564 | D:6      | Reached XP level 9. HP: 13/73 MP: 13/13
  7120 | D:7      | Reached skill level 5 in Fighting
  7143 | D:7      | Reached **** piety under Lugonu
  8070 | D:7      | Found a staircase to the Ecumenical Temple.
  9119 | D:8      | Reached skill level 6 in Axes
  9150 | D:8      | Reached skill level 1 in Dodging
  9422 | D:8      | Noticed Gastronok
  9447 | D:8      | Killed Gastronok
  9447 | D:8      | Reached XP level 10. HP: 59/83 MP: 13/15
  9657 | D:8      | Found an ornate altar of the Wu Jian Council.
  9930 | D:9      | Reached skill level 7 in Axes
 10162 | D:9      | Noticed a two-headed ogre
 10441 | D:9      | Found a radiant altar of Vehumet.
 10558 | D:9      | Noticed a two-headed ogre
 10596 | D:9      | Killed a two-headed ogre
 10611 | D:9      | Reached ***** piety under Lugonu
 10810 | D:9      | Noticed a two-headed ogre
 10830 | D:9      | Killed a two-headed ogre
 10904 | D:9      | Noticed a deep elf mage
 10933 | D:9      | Reached XP level 11. HP: 59/89 MP: 16/16
 10937 | D:9      | Killed a deep elf mage
 11365 | D:9      | Killed a two-headed ogre
 11365 | D:9      | Reached skill level 8 in Axes
 11538 | D:9      | Found a sacrificial altar of Ru.
 11540 | D:9      | Found an iron altar of Okawaru.
 11540 | D:9      | Found a sacrificial altar of Ru.
 11542 | D:9      | Found a shattered altar of Ashenzari.
 11542 | D:9      | Found a shimmering altar of Xom.
 11542 | D:9      | Found a basalt altar of Yredelemnul.
 11569 | D:10     | Entered Level 10 of the Dungeon
 11738 | D:10     | Noticed Jannitor's ghost (novice DsEn)
 11789 | D:10     | Killed Jannitor's ghost
 12758 | D:11     | Noticed a two-headed ogre
 12762 | D:11     | Found a staircase to the Orcish Mines.
 12783 | D:10     | Killed a two-headed ogre
 12912 | D:11     | Reached skill level 5 in Shields
 13602 | D:11     | Found a roughly hewn altar of Beogh.
 13602 | D:11     | Noticed an orc knight
 13699 | D:10     | Reached skill level 9 in Axes
 13997 | D:10     | Banished an orc knight
 14004 | D:10     | HP: 2/91 [orc warrior/broad axe of freezing (10)]
 14709 | D:11     | Found a staircase to the Lair.
 15002 | D:11     | Noticed a brown ugly thing
 15002 | D:11     | Noticed a six-headed hydra
 15011 | D:11     | Killed a brown ugly thing
 15011 | D:11     | Reached XP level 12. HP: 71/100 MP: 18/18
 15014 | D:11     | Banished a nine-headed hydra
 15391 | Lair:1   | Entered Level 1 of the Lair of Beasts
 15870 | Lair:1   | Noticed Harold
 15890 | Lair:1   | Killed Harold
 15890 | Lair:1   | Reached skill level 10 in Axes
 16200 | Lair:1   | Noticed Joseph
 16212 | Lair:1   | Killed Joseph
 17887 | Lair:2   | Found a staircase to the Swamp.
 18603 | Lair:3   | Noticed Nergalle
 18626 | Lair:3   | Reached skill level 10 in Invocations
 18631 | Lair:3   | Killed Nergalle
 18828 | Lair:3   | Found a hole to the Spider Nest.
 19608 | Lair:4   | Reached skill level 11 in Axes
 19877 | Lair:4   | Noticed a four-headed hydra
 19880 | Lair:4   | Banished a four-headed hydra
 20149 | Lair:4   | Reached XP level 13. HP: 107/107 MP: 20/20
 21537 | Lair:5   | Identified the Guide on the Displaced Volcanoes
 21891 | Lair:6   | Entered Level 6 of the Lair of Beasts
 23277 | Lair:6   | Reached skill level 12 in Axes
 23277 | Lair:6   | Reached skill level 10 in Armour
 23835 | Lair:6   | Noticed strelocc's ghost (journeyman CeBe)
 24124 | Lair:6   | Reached ****** piety under Lugonu
 24534 | Lair:6   | Slain by strelocc's ghost

Skill      XL: |  1  2  3  4  5  6  7  8  9 10 11 12 13 |
---------------+----------------------------------------+-----
Axes           | 2 3 4 5 6 7 9 11 12 | 12.4
Armour         | 2 3 4 5 7 8 9 10 | 10.1
Invocations    | 3 4 5 6 7 9 10 11 | 11.2
Fighting       | 4 5 6 7 9 |  9.1
Shields        | 1 2 3 4 5 6 |  6.7
Dodging        | 1 |  1.8
Long Blades    | |  0.9
Throwing       | |  0.9
Evocations     | |  0.1

Action                   |  1- 3 |  4- 6 |  7- 9 | 10-12 | 13-15 || total
-------------------------+-------+-------+-------+-------+-------++-------
Melee: Hand axe          |    59 |   126 |   499 |   592 |       ||  1276
       Kick              |     9 |    24 |   141 |   305 |   126 ||   605
       Peck              |       |     7 |    77 |   180 |    80 ||   344
       Long sword        |       |       |    51 |       |       ||    51
       Broad axe         |       |       |       |   357 |   297 ||   654
Throw: Tomahawk          |       |       |     1 |       |       ||     1
       Javelin           |       |       |       |     5 |     5 ||    10
Invok: Depart the Abyss  |     1 |       |       |       |       ||     1
       Banish            |       |       |     1 |     5 |     4 ||    10
       Bend Space        |       |       |       |     1 |     3 ||     4
Evoke: Wand              |       |       |       |     3 |       ||     3
       Box of beasts     |       |       |       |     1 |       ||     1
  Use: Scroll            |     4 |     5 |     3 |    17 |     5 ||    34
       Potion            |     1 |     1 |    11 |       |     2 ||    15
  Eat: Ration            |       |     2 |     5 |     8 |     2 ||    17
       Chunk             |       |       |     2 |    11 |     5 ||    18
Armor: Plate armour      |    71 |   129 |   971 |   820 |   364 ||  2355
Dodge: Dodged            |     2 |     2 |    32 |    44 |    30 ||   110
Block: Shield            |       |    34 |   419 |   474 |   247 ||  1174
       Rpst.: Long sword |       |       |     1 |       |       ||     1
